[Event "ICC tourney 2500 (45 10)"]
[Site "Internet Chess Club"]
[Date "2021.04.10"]
[Round "2"]
[White "BULLEIGH, ADAM LEE:AlekhinesGunn"]
[Black "Sun, Ethan:ethansun188"]
[Result "1-0"]
[ICCResult "Black checkmated"]
[WhiteElo "1734"]
[BlackElo "1456"]
[Opening "Ruy Lopez: closed, Averbach variation"]
[ECO "C79"]
[NIC "RL.16"]
[Time "13:31:32"]
[PlyCount "159"]
[TimeControl "2700+10"]

1. e4 e5 2. Nf3 Nc6 3. Bb5 a6 4. Ba4 Nf6 5. O-O d6 6. Re1 Be7 7. c3 O-O 8.
d4 b5 9. Bc2 Re8 10. Bg5 h6 11. Bh4 Bd7 12. Nbd2 Bf8 13. a4 Rb8 14. axb5
axb5 15. b4 exd4 16. Nxd4 Nxd4 17. cxd4 Be7 18. Nf3 Nd5 19. Bxe7 Nxe7 20.
e5 dxe5 21. Nxe5 Nc6 22. Qf3 Nxe5 23. dxe5 Rb6 24. Rad1 Qe7 25. Qd3 g6 26.
Qxd7 Re6 27. Qxe7 R8xe7 28. Kf1 Rxe5 29. Rxe5 Rxe5 30. Rd7 c5 31. bxc5 Rxc5
32. Bb3 Rf5 33. Rd6 Kg7 34. g3 g5 35. Rb6 g4 36. Bd1 h5 37. Be2 Rc5 38.
Rxb5 Rc1+ 39. Kg2 Kg6 40. Bd3+ Kh6 41. Rb6+ Kg7 42. h3 gxh3+ 43. Kxh3 Rh1+
44. Kg2 Rc1 45. Be2 Rc5 46. Rb5 Rc6 47. Rxh5 Rd6 48. Bc4 Rd7 49. Rf5 f6 50.
Rd5 Re7 51. Bb5 Re6 52. f4 Re3 53. g4 Re4 54. Kf3 Rb4 55. Rc5 Kf7 56. Bc4+
Kg7 57. Ke4 Rb7 58. Kf5 Rb6 59. Rc7+ Kf8 60. Rf7+ Ke8 61. Rxf6 Rb1 62. g5
Rg1 63. g6 Kd7 64. Rf7+ Kd6 65. g7 Kc5 66. Rc7+ Kd4 67. g8=Q Rxg8 68. Bxg8
Ke3 69. Rc3+ Kd2 70. Rb3 Ke2 71. Ke4 Kf2 72. f5 Kg2 73. Kf4 Kg1 74. Rb2 Kf1
75. Kf3 Ke1 76. Ke3 Kd1 77. Rf2 Ke1 78. Rc2 Kd1 79. Rc3 Ke1 80. Rc1# {
Black checkmated } 1-0

[Event "ICC tourney 2500 (45 10)"]
[Site "Internet Chess Club"]
[Date "2021.04.10"]
[Round "2"]
[White "LI, EMMA:BulbasaurMaster"]
[Black "PRICE, JOSH JAMES:PvzGuy13"]
[Result "0-1"]
[ICCResult "White resigns"]
[WhiteElo "1390"]
[BlackElo "1695"]
[Opening "Sicilian: accelerated fianchetto, modern variation with Bc4"]
[ECO "B35"]
[NIC "SI.33"]
[Time "13:31:33"]
[PlyCount "78"]
[TimeControl "2700+10"]

1. e4 c5 2. Nf3 Nc6 3. d4 cxd4 4. Nxd4 g6 5. Nc3 Bg7 6. Be3 Nf6 7. Bc4 Qa5
8. f3 Qb4 9. Bb3 Nxe4 10. fxe4 Bxd4 11. Bxd4 Qxd4 12. Qf3 O-O 13. Rd1 Qg7
14. O-O Ne5 15. Qf4 d6 16. Nd5 Nc6 17. Ba4 f5 18. Nc7 Rb8 19. Bb3+ Kh8 20.
Be6 Nd4 21. Bc4 e5 22. Qf2 Qxc7 23. Bd3 Be6 24. exf5 Bxf5 25. Qd2 Bxd3 26.
Qxd3 Qxc2 27. Qxc2 Nxc2 28. Rxf8+ Rxf8 29. Rxd6 Ne3 30. h3 Rf1+ 31. Kh2 Rf2
32. Rd8+ Kg7 33. Rd7+ Rf7 34. Rd3 Nf5 35. Rd5 Re7 36. Ra5 e4 37. Kg1 e3 38.
Kf1 e2+ 39. Ke1 Ne3 { White resigns } 0-1

[Event "ICC tourney 2500 (45 10)"]
[Site "Internet Chess Club"]
[Date "2021.04.10"]
[Round "2"]
[White "Gong, Andrew:TheDude865"]
[Black "HEBBAR, ESHAAN:solveur"]
[Result "1-0"]
[ICCResult "Black resigns"]
[WhiteElo "1521"]
[BlackElo "1680"]
[Opening "Ruy Lopez: Möller defense"]
[ECO "C78"]
[NIC "RL.12"]
[Time "13:31:20"]
[PlyCount "140"]
[TimeControl "2700+10"]

1. e4 e5 2. Nf3 Nc6 3. Bb5 a6 4. Ba4 Nf6 5. O-O Bc5 6. c3 b5 7. Bb3 d6 8.
Re1 O-O 9. d4 Bb6 10. Be3 exd4 11. cxd4 Bb7 12. d5 Ne7 13. Bxb6 cxb6 14.
Nbd2 Rc8 15. Nf1 Nd7 16. a3 Nc5 17. Ba2 Re8 18. b4 Nd7 19. Qd4 Ng6 20. Ng3
Nge5 21. Nxe5 Nxe5 22. f4 Nc4 23. a4 Na3 24. Bb3 Nc2 25. Bxc2 Rxc2 26. axb5
axb5 27. Rac1 Ra2 28. Re3 Ra4 29. Nh5 f6 30. Rg3 Re7 31. Nxf6+ Kh8 32. Nh5
Qd7 33. Nf6 Qd8 34. Nh5 Qd7 35. f5 Rf7 36. Nf4 Qe7 37. Qc3 Qf6 38. Qxf6
gxf6 39. Rb3 Ra2 40. Ne6 Re2 41. Rbc3 h6 42. Rc7 Rxc7 43. Rxc7 Ba6 44. Ra7
Bc8 45. Ra8 Rc2 46. Nd4 Rc1+ 47. Kf2 Kh7 48. Nxb5 Rc2+ 49. Kf3 Bxf5 50.
exf5 h5 51. Nxd6 Rc3+ 52. Kf4 Rb3 53. Ra7+ Kg8 54. Ne4 Rxb4 55. d6 Kf8 56.
Ra8+ Kf7 57. d7 Rd4 58. d8=Q Rxd8 59. Rxd8 b5 60. Rb8 b4 61. Rxb4 h4 62.
Kg4 h3 63. gxh3 Kg7 64. h4 Kf7 65. Kh5 Kg7 66. Rb7+ Kf8 67. Kg6 Ke8 68.
Kxf6 Kd8 69. Ke6 Kc8 70. Nd6+ Kd8 { Black resigns } 1-0

[Event "ICC tourney 2500 (45 10)"]
[Site "Internet Chess Club"]
[Date "2021.04.10"]
[Round "2"]
[White "PATEL, SOHAM:SPBrain"]
[Black "GAUDEAU, ALAIN D H:attalone"]
[Result "1/2-1/2"]
[ICCResult "White stalemated"]
[WhiteElo "1248"]
[BlackElo "1650"]
[Opening "French: advance, Nimzovich system"]
[ECO "C02"]
[NIC "FR.03"]
[Time "13:31:31"]
[PlyCount "156"]
[TimeControl "2700+10"]

1. e4 e6 2. d4 d5 3. e5 c5 4. Nf3 Nc6 5. Be3 cxd4 6. Nxd4 Bd7 7. Bd3 Nxe5
8. O-O Nxd3 9. Qxd3 Nf6 10. Re1 Be7 11. f4 O-O 12. Nc3 a6 13. a4 Rc8 14.
Rad1 Bb4 15. Rf1 Bxc3 16. bxc3 Ne4 17. Ne2 Bxa4 18. Bd4 Bb5 19. Qe3 Bxe2
20. Qxe2 Nxc3 21. Bxc3 Rxc3 22. f5 exf5 23. Rxf5 Qc7 24. Rfxd5 Rxc2 25. Qe4
Qb6+ 26. Kh1 Rcc8 27. Rd7 Rb8 28. Rb1 Qc6 29. Qxc6 bxc6 30. Rxb8 Rxb8 31.
h3 Ra8 32. Rc7 a5 33. Rxc6 a4 34. Rc2 a3 35. Ra2 g6 36. Kg1 Kg7 37. g4 Kf6
38. Kf2 Ke5 39. Ke3 Kd5 40. Kd3 Kc5 41. Kc3 Kd5 42. Kd3 Ke5 43. Ke3 Ra4 44.
g5 Kf5 45. h4 Kg4 46. Rh2 Kf5 47. Ra2 Kg4 48. Rh2 Kg3 49. Rh1 a2 50. Rg1+
Kh2 51. Ra1 Kg3 52. h5 Kg4 53. hxg6 fxg6 54. Rg1+ Kf5 55. Rf1+ Kg4 56. Rg1+
Kh3 57. Rh1+ Kg2 58. Ra1 Kg3 59. Rg1+ Kh4 60. Rh1+ Kxg5 61. Rg1+ Kf6 62.
Rf1+ Kg7 63. Ra1 h6 64. Kf3 g5 65. Kg3 Kg6 66. Kh3 h5 67. Kg3 h4+ 68. Kh3
Kh5 69. Kg2 Ra3 70. Kh2 g4 71. Kg2 h3+ 72. Kh2 Kh4 73. Kh1 g3 74. Kg1 Kg4
75. Kf1 Kf3 76. Kg1 h2+ 77. Kh1 Kf2 78. Rf1+ Kxf1 { White stalemated }
1/2-1/2

[Event "ICC tourney 2500 (45 10)"]
[Site "Internet Chess Club"]
[Date "2021.04.10"]
[Round "2"]
[White "FURMAN, MIKHAIL:mfurm"]
[Black "BRUDNO, STEPHEN:StevChess01"]
[Result "1-0"]
[ICCResult "Black resigns"]
[WhiteElo "1897"]
[BlackElo "1661"]
[Opening "King's Indian, 3.Nf3"]
[ECO "E61"]
[NIC "QP.06"]
[Time "13:31:21"]
[PlyCount "51"]
[TimeControl "2700+10"]

1. d4 Nf6 2. Nf3 g6 3. c4 Bg7 4. Nc3 O-O 5. d5 c5 6. e4 e5 7. Be2 d6 8. Bg5
a6 9. O-O Qc7 10. g3 h6 11. Bd2 Bh3 12. Re1 Kh7 13. Bd3 Bg4 14. Kg2 Qc8 15.
Na4 Qd8 16. Qb3 Bxf3+ 17. Kxf3 b5 18. cxb5 axb5 19. Bxb5 Nfd7 20. Nc3 h5
21. Kg2 Bh6 22. Qc2 Bxd2 23. Qxd2 Na6 24. Na4 Nc7 25. Bxd7 Qxd7 26. Nb6 {
Black resigns } 1-0

[Event "ICC tourney 2500 (45 10)"]
[Site "Internet Chess Club"]
[Date "2021.04.10"]
[Round "2"]
[White "SETHURAMAN, ROSHAN:TheSuperKing"]
[Black "YUAN, SERENA:doudou2011"]
[Result "1-0"]
[ICCResult "Black resigns"]
[WhiteElo "1725"]
[BlackElo "1493"]
[Opening "Sicilian: Pelikan (Lasker/Sveshnikov) variation"]
[ECO "B33"]
[NIC "SI.35"]
[Time "13:31:24"]
[PlyCount "105"]
[TimeControl "2700+10"]

1. e4 c5 2. Nf3 Nc6 3. d4 cxd4 4. Nxd4 Nf6 5. Nc3 e5 6. Nb3 Bb4 7. Bd3 d5
8. exd5 Nxd5 9. Bd2 Nxc3 10. bxc3 Bd6 11. O-O O-O 12. Be3 Be6 13. Nc5 Qe7
14. Ne4 f5 15. Bg5 Qd7 16. Nxd6 Qxd6 17. Bc4 Nd4 18. Bxe6+ Qxe6 19. cxd4 h6
20. d5 Qd6 21. Bc1 Rfd8 22. c4 Rac8 23. Qd3 e4 24. Qb3 Qa6 25. Bb2 Qxc4 26.
Qxb7 Rc7 27. Qb3 Qxb3 28. axb3 Rxd5 29. Rfd1 Rb5 30. Bd4 a5 31. Be3 Rc3 32.
Bd2 Rd3 33. Be1 Rbxb3 34. Bxa5 Ra3 35. Bb4 Ra4 36. Be1 Rad4 37. Rxd3 exd3
38. Bd2 Kf7 39. Re1 Kg6 40. f4 Kh5 41. h3 Rd7 42. Re5 Kg6 43. Kf2 Kf6 44.
Bc3 Kg6 45. Ke3 h5 46. h4 Kh7 47. Rxf5 g6 48. Rf8 Kh6 49. Rh8+ Rh7 50.
Rxh7+ Kxh7 51. Kxd3 Kg8 52. Ke4 Kf7 53. f5 { Black resigns } 1-0

[Event "ICC tourney 2500 (45 10)"]
[Site "Internet Chess Club"]
[Date "2021.04.10"]
[Round "2"]
[White "SLAGLE, JIM:Jim1108"]
[Black "WU, WENTAO:Threehundreds"]
[Result "1-0"]
[ICCResult "Black resigns"]
[WhiteElo "1695"]
[BlackElo "1467"]
[Opening "Polish (Sokolsky) opening"]
[ECO "A00"]
[NIC "VO.10"]
[Time "13:31:21"]
[PlyCount "81"]
[TimeControl "2700+10"]

1. b4 g6 2. Bb2 Nf6 3. c4 Bg7 4. e3 O-O 5. Nf3 d5 6. Nc3 b6 7. Qc2 Bb7 8.
cxd5 Nxd5 9. Nxd5 Bxd5 10. Bxg7 Kxg7 11. Be2 Nd7 12. Rc1 c5 13. bxc5 Nxc5
14. d4 Ne6 15. O-O Rc8 16. Qb2 Qd7 17. e4 Bxe4 18. d5+ Kg8 19. dxe6 Qxe6
20. Ng5 Qf5 21. Nxe4 Qxe4 22. Rfe1 Qf4 23. Bf3 Rfd8 24. Rcd1 Qa4 25. Qb3
Qxb3 26. axb3 Rxd1 27. Bxd1 e6 28. Kf1 Kf8 29. Re2 Ke7 30. Rc2 Rd8 31. Ke2
Rd7 32. Rc3 Kf6 33. Bc2 h5 34. Ke3 Ke5 35. f4+ Kf6 36. b4 a5 37. b5 Rd5 38.
Bd3 Rd7 39. Rc6 Rb7 40. Be4 Rb8 41. Rc7 { Black resigns } 1-0

[Event "ICC tourney 2500 (45 10)"]
[Site "Internet Chess Club"]
[Date "2021.04.10"]
[Round "2"]
[White "AYYAPPAN, SANTHOSH:SanthoshA"]
[Black "PU, LANDON:landonp"]
[Result "1-0"]
[ICCResult "Black resigns"]
[WhiteElo "1661"]
[BlackElo "1480"]
[Opening "Giuoco Piano"]
[ECO "C54"]
[NIC "IG.02"]
[Time "13:31:18"]
[PlyCount "129"]
[TimeControl "2700+10"]

1. e4 e5 2. Nf3 Nc6 3. Bc4 Bc5 4. c3 Nf6 5. d4 exd4 6. e5 d5 7. Bb5 Ne4 8.
cxd4 Bb6 9. Nc3 O-O 10. O-O Bg4 11. Bxc6 bxc6 12. Be3 f5 13. h3 Bh5 14. Bf4
Bxf3 15. gxf3 Nxc3 16. bxc3 Qh4 17. Bg3 Qxh3 18. f4 Rae8 19. Qf3 Re6 20. a4
a5 21. Qg2 Qxg2+ 22. Kxg2 Kf7 23. Rh1 Rh8 24. Rh5 g6 25. Rh6 c5 26. dxc5
Bxc5 27. Rah1 Kg8 28. Bh4 Bf8 29. Bf6 Rxf6 30. exf6 Bxh6 31. Rxh6 Kf7 32.
Rh1 Kxf6 33. Rb1 Ra8 34. Rb7 c5 35. Rxh7 Rc8 36. Ra7 d4 37. c4 g5 38. Ra6+
Kg7 39. fxg5 Kh7 40. Rxa5 d3 41. Kf1 Re8 42. Ra7+ Kg6 43. Rd7 Ra8 44. Rxd3
Rxa4 45. f4 Rxc4 46. Rf3 Kh5 47. Kg2 Kg6 48. Kg3 Rd4 49. Re3 c4 50. Kf3 Rd1
51. Re6+ Kf7 52. Rf6+ Kg7 53. Rxf5 c3 54. Rc5 Rc1 55. f5 c2 56. Kg2 Kf7 57.
Rc7+ Kg8 58. f6 Kf8 59. g6 Ke8 60. g7 Kd8 61. g8=Q+ Kxc7 62. Qc4+ Kd8 63.
Qd4+ Kc8 64. f7 Rg1+ 65. Qxg1 { Black resigns } 1-0

[Event "ICC tourney 2500 (45 10)"]
[Site "Internet Chess Club"]
[Date "2021.04.10"]
[Round "2"]
[White "JOHNSTON, DAVID T:waylander11"]
[Black "POLYAKIN, VLADIMIR:IAlwaysWin"]
[Result "0-1"]
[ICCResult "White resigns"]
[WhiteElo "1661"]
[BlackElo "1879"]
[Opening "French: advance, Wade variation"]
[ECO "C02"]
[NIC "FR.03"]
[Time "13:31:32"]
[PlyCount "56"]
[TimeControl "2700+10"]

1. e4 e6 2. d4 d5 3. e5 c5 4. c3 Qb6 5. Nf3 Bd7 6. Bd3 Bb5 7. O-O Bxd3 8.
Qxd3 a5 9. a4 c4 10. Qc2 Ne7 11. Na3 h5 12. Nh4 Nc8 13. f4 Be7 14. Qf2 Qd8
15. Nf3 g6 16. Rb1 Qd7 17. Nb5 Nb6 18. Qc2 Na6 19. Be3 Kf8 20. Nd2 Nxa4 21.
b3 Nb6 22. bxc4 Nxc4 23. Nxc4 dxc4 24. Qa2 Qd5 25. Na3 Rc8 26. Rb5 Qe4 27.
Kf2 Nc7 28. Nxc4 Nxb5 { White resigns } 0-1

[Event "ICC tourney 2500 (45 10)"]
[Site "Internet Chess Club"]
[Date "2021.04.10"]
[Round "2"]
[White "RAMESH, ANIRUDH:anirudhramesh03"]
[Black "WANG, CHLOE HEATHER:kittycat35"]
[Result "1-0"]
[ICCResult "Black resigns"]
[WhiteElo "1561"]
[BlackElo "1697"]
[Opening "Scotch gambit: Benima defense"]
[ECO "C44"]
[NIC "SO.06"]
[Time "13:31:27"]
[PlyCount "73"]
[TimeControl "2700+10"]

1. e4 e5 2. Nf3 Nc6 3. d4 exd4 4. Bc4 Be7 5. c3 d6 6. cxd4 Nf6 7. Nc3 O-O
8. Bb3 h6 9. O-O Bg4 10. Be3 Re8 11. h3 Bh5 12. Qd2 Bf8 13. d5 Na5 14. Ba4
Nc4 15. Qd4 Nxe3 16. Qxe3 Nd7 17. Rfe1 a6 18. Nd4 Bg6 19. Qg3 Re7 20. f4
Nc5 21. Bc2 Bh7 22. b4 Nd7 23. Rad1 Qe8 24. Rd2 Rc8 25. Rde2 c5 26. bxc5
Nxc5 27. e5 Bxc2 28. Rxc2 Qd7 29. e6 fxe6 30. dxe6 Nxe6 31. Nd5 Kh7 32.
Nxe7 Rxc2 33. Qg6+ Kh8 34. Nxc2 Nxf4 35. Qf7 Bxe7 36. Rxe7 Ne2+ 37. Kh2 {
Black resigns } 1-0

[Event "ICC tourney 2500 (45 10)"]
[Site "Internet Chess Club"]
[Date "2021.04.10"]
[Round "2"]
[White "PAN, CHRIS:Chris0708"]
[Black "WANG, JESSICA:crazyhorse9"]
[Result "0-1"]
[ICCResult "White resigns"]
[WhiteElo "1354"]
[BlackElo "1529"]
[Opening "Giuoco Pianissimo: Italian four knights variation"]
[ECO "C47"]
[NIC "KP.06"]
[Time "13:31:34"]
[PlyCount "118"]
[TimeControl "2700+10"]

1. e4 e5 2. Nf3 Nc6 3. Nc3 Nf6 4. Bc4 Bc5 5. d3 d6 6. h3 h6 7. Be3 Bb6 8.
O-O O-O 9. Re1 Re8 10. Qd2 Bxe3 11. fxe3 Na5 12. Bb3 Nxb3 13. axb3 c6 14.
d4 Qc7 15. Rad1 Be6 16. d5 cxd5 17. exd5 Bd7 18. Kh1 Nh7 19. e4 Rf8 20. Re2
f5 21. Rde1 f4 22. Rd1 Nf6 23. Nh4 Nh5 24. Ree1 Ng3+ 25. Kh2 Qd8 26. Nf3
Kh7 27. Qf2 g5 28. Rd2 g4 29. hxg4 Bxg4 30. Kg1 Rg8 31. Rd3 h5 32. Nh2 Bh3
33. gxh3 Nxe4+ 34. Qg2 Rxg2+ 35. Kxg2 Qg5+ 36. Kf1 Ng3+ 37. Kf2 Qf5 38. Nf3
e4 39. Nxe4 Rg8 40. Nxg3 Rxg3 41. Rg1 h4 42. Rxg3 hxg3+ 43. Kg1 Kg7 44. Kg2
Qe4 45. Kf1 g2+ 46. Kf2 Qg6 47. Ng1 Qf6 48. c3 Qf5 49. Ke2 Qe4+ 50. Kd2 Kf6
51. b4 b5 52. b3 Kf7 53. h4 Kg6 54. h5+ Kxh5 55. Rh3+ Kg4 56. Rd3 f3 57.
Rd4 Qxd4+ 58. cxd4 f2 59. Ne2 f1=Q { White resigns } 0-1

[Event "ICC tourney 2500 (45 10)"]
[Site "Internet Chess Club"]
[Date "2021.04.10"]
[Round "2"]
[White "GONG, JONATHAN YICHENG:Theutltl"]
[Black "VALE CRUZ, ARMIN:trucker"]
[Result "1-0"]
[ICCResult "Black checkmated"]
[WhiteElo "1477"]
[BlackElo "1664"]
[Opening "Giuoco Piano"]
[ECO "C54"]
[NIC "IG.02"]
[Time "13:31:24"]
[PlyCount "115"]
[TimeControl "2700+10"]

1. e4 e5 2. Nf3 Nc6 3. Bc4 Bc5 4. c3 Nf6 5. d3 d6 6. b4 Bb6 7. a4 a6 8. O-O
O-O 9. Na3 Ne7 10. Nc2 Ng6 11. h3 c6 12. Re1 h6 13. Be3 Bc7 14. a5 Qe7 15.
Bd2 Bd7 16. Ne3 Nh7 17. Qc2 Rac8 18. d4 Qf6 19. d5 Bxh3 20. dxc6 bxc6 21.
Bxa6 Rb8 22. c4 Bc8 23. Bxc8 Rfxc8 24. a6 Bb6 25. Qb3 Nf4 26. b5 Ng5 27.
Nxg5 Qxg5 28. g3 Ne6 29. Qb2 Bd4 30. Bc3 cxb5 31. Bxd4 Nxd4 32. a7 Ra8 33.
cxb5 Nf3+ 34. Kf1 Qh5 35. b6 Qh1+ 36. Ke2 Nxe1 37. Rxe1 Qxe4 38. b7 d5 39.
bxa8=Q Rxa8 40. Qb8+ Rxb8 41. axb8=Q+ Kh7 42. Qb1 Qxb1 43. Rxb1 d4 44. Nd5
f6 45. Rb7 Kg6 46. Kd3 f5 47. f4 exf4 48. Nxf4+ Kf6 49. Kxd4 g5 50. Rb6+
Kg7 51. Nh5+ Kh7 52. Ke5 f4 53. gxf4 gxf4 54. Kxf4 Kh8 55. Kf5 Kh7 56. Rb7+
Kh8 57. Kg6 Kg8 58. Rb8# { Black checkmated } 1-0

[Event "ICC tourney 2500 (45 10)"]
[Site "Internet Chess Club"]
[Date "2021.04.10"]
[Round "2"]
[White "Badrinarayanan, Shashank:Shashankb05"]
[Black "Aravindakshan, Sahana:TigerSahi"]
[Result "1/2-1/2"]
[ICCResult "Game drawn by mutual agreement"]
[WhiteElo "1743"]
[BlackElo "1626"]
[Opening "Ruy Lopez: Anderssen variation"]
[ECO "C77"]
[NIC "RL.12"]
[Time "13:31:32"]
[PlyCount "127"]
[TimeControl "2700+10"]

1. e4 e5 2. Nf3 Nc6 3. Bb5 a6 4. Ba4 Nf6 5. d3 b5 6. Bb3 Be7 7. O-O d6 8.
h3 O-O 9. c3 Bb7 10. Re1 Na5 11. Bc2 c5 12. a3 Nc6 13. Nbd2 Re8 14. Nf1 Bf8
15. Bg5 g6 16. Ne3 Bg7 17. Nd5 Na7 18. Nh2 Bxd5 19. exd5 Qd7 20. Qf3 Qf5
21. Qxf5 gxf5 22. Bxf6 Bxf6 23. c4 Rab8 24. b3 Kh8 25. Rad1 Rg8 26. Kh1 Nc8
27. Nf1 Ne7 28. Ng3 Bh4 29. Kh2 Bxg3+ 30. fxg3 Rg7 31. Re3 Rbg8 32. Rg1 Ng6
33. Rf3 f4 34. gxf4 Nxf4 35. g3 Ne2 36. Rg2 Nd4 37. Rff2 f5 38. b4 cxb4 39.
axb4 Rc8 40. cxb5 axb5 41. Bd1 Rc3 42. Rd2 Ra7 43. Rgf2 Raa3 44. Bc2 Nxc2
45. Rxc2 Rxc2 46. Rxc2 Rxd3 47. Rf2 Rxd5 48. Rxf5 Rd4 49. Rf6 d5 50. Rd6 e4
51. Kg2 Kg8 52. Kf2 Rd3 53. Rb6 Rf3+ 54. Ke2 Rxg3 55. Rxb5 d4 56. Re5 e3
57. Rd5 Rg2+ 58. Ke1 Rd2 59. b5 Rb2 60. Rxd4 Rxb5 61. Re4 Rb3 62. Ke2 Kg7
63. Rxe3 Rxe3+ 64. Kxe3 { Game drawn by mutual agreement } 1/2-1/2

[Event "ICC tourney 2500 (45 10)"]
[Site "Internet Chess Club"]
[Date "2021.04.10"]
[Round "3"]
[White "THOMAS, MICHAEL G:chesslin"]
[Black "Xiao, Michael:michaelxiao"]
[Result "0-1"]
[ICCResult "White resigns"]
[WhiteElo "1723"]
[BlackElo "1272"]
[Opening "Queen's pawn, Mason variation"]
[ECO "D00"]
[NIC "QP.08"]
[Time "16:02:11"]
[PlyCount "34"]
[TimeControl "2700+10"]

1. d4 d5 2. Bf4 Nf6 3. e3 Bf5 4. c4 e6 5. Nc3 a6 6. Qb3 b6 7. Nf3 Bd6 8.
Ne5 O-O 9. c5 bxc5 10. Qb7 Nbd7 11. Nc6 Qe8 12. Bg3 cxd4 13. exd4 e5 14.
dxe5 Nxe5 15. Bxe5 Bxe5 16. O-O-O Bf4+ 17. Rd2 Qe1+ { White resigns } 0-1

[Event "ICC tourney 2500 (45 10)"]
[Site "Internet Chess Club"]
[Date "2021.04.10"]
[Round "3"]
[White "Xiao, Marina:marinaxiao"]
[Black "Huang, Bill:Elainelu"]
[Result "1-0"]
[ICCResult "Black resigns"]
[WhiteElo "1512"]
[BlackElo "1090"]
[Opening "Giuoco Piano"]
[ECO "C54"]
[NIC "IG.02"]
[Time "16:01:45"]
[PlyCount "51"]
[TimeControl "2700+10"]

1. e4 e5 2. Nf3 Nc6 3. Bc4 Bc5 4. c3 Nf6 5. d3 h6 6. Nbd2 a6 7. O-O d6 8.
h3 O-O 9. Re1 Be6 10. Bxe6 fxe6 11. Nf1 Re8 12. d4 exd4 13. cxd4 Bb4 14.
Bd2 Bxd2 15. N1xd2 e5 16. dxe5 Nxe5 17. Kh1 b5 18. Nxe5 Rxe5 19. Nf3 Rxe4
20. Rxe4 Nxe4 21. Qd5+ Kh8 22. Qxe4 d5 23. Qd4 Rc8 24. Rc1 Qd6 25. Ne5 Kg8
26. Rc6 { Black resigns } 1-0

[Event "ICC tourney 2500 (45 10)"]
[Site "Internet Chess Club"]
[Date "2021.04.10"]
[Round "3"]
[White "THAIN, JACK:jt1819"]
[Black "ATLURI, PRATHIK:ChessStar22"]
[Result "1-0"]
[ICCResult "Black checkmated"]
[WhiteElo "1734"]
[BlackElo "1379"]
[Opening "Caro-Kann: exchange, Rubinstein variation"]
[ECO "B13"]
[NIC "CK.02"]
[Time "16:01:37"]
[PlyCount "105"]
[TimeControl "2700+10"]

1. e4 c6 2. d4 d5 3. exd5 cxd5 4. Bd3 Nc6 5. c3 Nf6 6. Bf4 Bg4 7. Nf3 e6 8.
Nbd2 Bd6 9. Bxd6 Qxd6 10. h3 Bxf3 11. Nxf3 h6 12. Qe2 Qc7 13. a4 a6 14. O-O
O-O 15. Ne5 Rfe8 16. f4 Nd7 17. Rae1 Ncxe5 18. fxe5 Rab8 19. g4 Rf8 20. g5
hxg5 21. Qh5 f5 22. Qxg5 Qd8 23. Qg3 g5 24. Bxf5 exf5 25. e6 Qe7 26. exd7
f4 27. Rxe7 fxg3 28. Rxf8+ Kxf8 29. Re5 Rd8 30. Rxd5 Ke7 31. Kg2 Rxd7 32.
Rxd7+ Kxd7 33. Kxg3 Ke6 34. Kg4 Kf6 35. d5 b6 36. d6 Ke6 37. d7 Kxd7 38.
Kxg5 Ke7 39. Kf5 a5 40. Ke5 Kd7 41. Kd5 b5 42. axb5 a4 43. h4 a3 44. bxa3
Kc7 45. h5 Kb6 46. h6 Kxb5 47. h7 Ka4 48. h8=Q Kxa3 49. Kc4 Ka2 50. Qb8 Ka1
51. Kd3 Ka2 52. Kc2 Ka3 53. Qb3# { Black checkmated } 1-0

[Event "ICC tourney 2500 (45 10)"]
[Site "Internet Chess Club"]
[Date "2021.04.10"]
[Round "3"]
[White "TREUSDELL, ROSS G:IveDoneEnough"]
[Black "SETHURAMAN, ROSHAN:TheSuperKing"]
[Result "1-0"]
[ICCResult "Black resigns"]
[WhiteElo "1649"]
[BlackElo "1725"]
[Opening "KGD: classical variation"]
[ECO "C30"]
[NIC "KG.05"]
[Time "16:01:44"]
[PlyCount "83"]
[TimeControl "2700+10"]

1. e4 e5 2. f4 Bc5 3. Nf3 d6 4. Nc3 Nc6 5. Bb5 Qf6 6. Nd5 Qd8 7. fxe5 dxe5
8. c3 Bd7 9. b4 Bd6 10. O-O Nf6 11. d3 Nxd5 12. exd5 Ne7 13. Bc4 O-O 14.
Bg5 f6 15. Be3 Nf5 16. Bf2 Kh8 17. Nd2 b6 18. a3 Qe8 19. Bb3 c5 20. dxc6
Bxc6 21. Ne4 Rd8 22. Qg4 Nh6 23. Qh3 Qg6 24. Rae1 f5 25. Nxd6 Rxd6 26. Rxe5
Rxd3 27. Re3 Rxe3 28. Bxe3 Ng4 29. Bd4 Be4 30. Bd1 Nf6 31. Bf3 Bxf3 32.
Qxf3 Ne4 33. Qxe4 h6 34. Qf4 Kh7 35. Rf3 Rf7 36. Rg3 Qe6 37. Qe5 Qxe5 38.
Bxe5 Re7 39. Re3 g5 40. c4 f4 41. Bxf4 Rf7 42. Bg3 { Black resigns } 1-0

[Event "ICC tourney 2500 (45 10)"]
[Site "Internet Chess Club"]
[Date "2021.04.10"]
[Round "3"]
[White "BRUDNO, STEPHEN:StevChess01"]
[Black "HUSSAIN, FARAZ:ExceptionalFork"]
[Result "1-0"]
[ICCResult "Black checkmated"]
[WhiteElo "1661"]
[BlackElo "1313"]
[Opening "QGD semi-Slav"]
[ECO "D43"]
[NIC "SL.03"]
[Time "16:01:36"]
[PlyCount "89"]
[TimeControl "2700+10"]

1. d4 d5 2. c4 c6 3. Nf3 Nf6 4. Nc3 e6 5. Bg5 Be7 6. e3 O-O 7. Qc2 dxc4 8.
Bxc4 h6 9. Bh4 Nd5 10. Bg3 Bb4 11. O-O c5 12. Nb5 a6 13. Bxd5 axb5 14. Be4
c4 15. Ne5 Nd7 16. a4 Nxe5 17. Bxe5 Bd7 18. axb5 Qb6 19. Qxc4 Bxb5 20. Qxb4
Bxf1 21. Qxb6 Rxa1 22. f3 Bd3+ 23. Kf2 Rf1+ 24. Kg3 Bxe4 25. fxe4 Kh7 26.
Qxb7 g5 27. Bd6 Rg8 28. h3 g4 29. h4 Rg7 30. Be5 f6 31. Qb5 fxe5 32. Qxf1
exd4 33. exd4 Kg6 34. Qc4 Kf6 35. b4 h5 36. b5 Ra7 37. Qc3 Rb7 38. Qc6 Re7
39. b6 Kf7 40. b7 e5 41. b8=Q exd4 42. Qf4+ Kg8 43. Qd5+ Rf7 44. Qfxf7+ Kh8
45. Qdxh5# { Black checkmated } 1-0

[Event "ICC tourney 2500 (45 10)"]
[Site "Internet Chess Club"]
[Date "2021.04.10"]
[Round "3"]
[White "LI, EMMA:BulbasaurMaster"]
[Black "SAHNI, HARTEJ:hartej"]
[Result "0-1"]
[ICCResult "White resigns"]
[WhiteElo "1390"]
[BlackElo "1527"]
[Opening "Sicilian: Kan, 5.Nc3"]
[ECO "B43"]
[NIC "SI.41"]
[Time "16:01:38"]
[PlyCount "98"]
[TimeControl "2700+10"]

1. e4 c5 2. Nf3 e6 3. d4 cxd4 4. Nxd4 a6 5. Nc3 Qc7 6. Be3 Bb4 7. Qd3 Nf6
8. f3 d5 9. Bd2 dxe4 10. Nxe4 Bxd2+ 11. Kxd2 Nxe4+ 12. Qxe4 Bd7 13. Rd1 Nc6
14. Kc1 Nxd4 15. Qxd4 Rc8 16. Bd3 O-O 17. h4 Bb5 18. h5 Bxd3 19. Qxd3 Rfd8
20. Qb3 h6 21. g4 Rxd1+ 22. Rxd1 b5 23. Kb1 Rd8 24. Rxd8+ Qxd8 25. Qd3 Qxd3
26. cxd3 Kf8 27. Kc2 Ke7 28. Kc3 a5 29. a4 Kd6 30. axb5 Kc5 31. d4+ Kxb5
32. b3 Kb6 33. Kc4 Kc6 34. f4 g6 35. d5+ exd5+ 36. Kd4 gxh5 37. gxh5 Kd6
38. Kd3 Kc5 39. Kc3 d4+ 40. Kd3 Kd5 41. f5 f6 42. Kd2 Ke4 43. Ke2 Kxf5 44.
Kd3 Ke5 45. Ke2 Ke4 46. Kd2 d3 47. Ke1 Ke3 48. Kd1 d2 49. Kc2 Ke2 { White
resigns } 0-1

[Event "ICC tourney 2500 (45 10)"]
[Site "Internet Chess Club"]
[Date "2021.04.10"]
[Round "3"]
[White "PATEL, SOHAM:SPBrain"]
[Black "AYYAPPAN, SANTHOSH:SanthoshA"]
[Result "0-1"]
[ICCResult "White checkmated"]
[WhiteElo "1248"]
[BlackElo "1661"]
[Opening "Ruy Lopez: closed defense"]
[ECO "C84"]
[NIC "RL.13"]
[Time "16:01:32"]
[PlyCount "68"]
[TimeControl "2700+10"]

1. e4 e5 2. Nf3 Nc6 3. Bb5 a6 4. Ba4 Nf6 5. O-O Be7 6. c3 b5 7. Bb3 d6 8.
d4 exd4 9. cxd4 O-O 10. Bg5 Nxe4 11. Bxe7 Nxe7 12. Re1 Nf6 13. Nc3 Ng6 14.
Ng5 h6 15. Nf3 c5 16. dxc5 dxc5 17. Nd5 c4 18. Nxf6+ Qxf6 19. Bc2 Bb7 20.
Bxg6 fxg6 21. Re3 Qxb2 22. Rc1 Rad8 23. Qe1 Bxf3 24. Rxf3 Rxf3 25. gxf3 Qf6
26. Rd1 Rf8 27. Qe3 Qxf3 28. Qe6+ Kh7 29. Rf1 Rf6 30. Qc8 Rf5 31. Rc1 Qxf2+
32. Kh1 Qf3+ 33. Kg1 Rg5+ 34. Qg4 Rxg4# { White checkmated } 0-1